 Dungeon Crawl Stone Soup version 0.15.2 (webtiles) character file.

219 ztt the Firebug (level 5, -2/31 (33) HPs)
             Began as an Octopode Fire Elementalist on Nov 6, 2014.
             Slain by gabygaby's ghost (3 damage)
             ... on Level 4 of the Dungeon.
             The game lasted 00:12:11 (4410 turns).

ztt the Firebug (Octopode Fire Elementalist)        Turns: 4410, Time: 00:12:11

HP  -2/31 (33)   AC  1     Str  7      XL: 5   Next: 96%
MP  11/11        EV 13     Int 21      God:
Gold 172         SH  0     Dex 12      Spells:  3 memorised,  4 levels left

rFire  . . .     SeeInvis .     (no weapon)
rCold  . . .     Clarity  .     (no shield)
rNeg   . . .     rCorr    .     (helmet restricted)
rPois  .         rRot     .     (no amulet)
rElec  .         Spirit   .     a - +2 ring of intelligence
SustAb .         Warding  .     (no ring)
rMut   .         Stasis   .     (no ring)
Gourm  .                        (no ring)
MR     .....                    (no ring)
                                (no ring)
                                (no ring)
                                (no ring)

@: confused, glowing, not resistant to hostile enchantments, very unstealthy
A: almost no armour, amphibious, 8 rings, constrict 8, camouflage 1, gelatinous
body 1
a: no special abilities


You were on level 4 of the Dungeon.
You were not hungry.

You visited 1 branch of the dungeon, and saw 4 of its levels.

You collected 172 gold pieces.

Inventory:

Comestibles
 c - 4 bread rations
 d - a rotting chunk of orc flesh
 g - 3 meat rations
 h - a beef jerky
 p - a rotting chunk of giant newt flesh
Scrolls
 e - a scroll of random uselessness
 k - 2 scrolls of remove curse
 n - 2 scrolls of enchant armour
 o - 2 scrolls of identify
 q - a scroll of noise {unknown}
Jewellery
 a - a +2 ring of intelligence (left tentacle)
Potions
 f - a potion of brilliance
Books
 b - a book of Flames

   Spells                             Type                      Level
   *Flame Tongue                      Conjuration/Fire             1
   *Throw Flame                       Conjuration/Fire             2
   *Conjure Flame                     Conjuration/Fire             3
   Inner Flame                        Hexes/Fire                   3
   Sticky Flame                       Conjuration/Fire             4
   Fireball                           Conjuration/Fire             5


   Skills:
 + Level 1.0 Fighting
 + Level 2.9 Dodging
 + Level 3.4 Stealth
 + Level 0.2 Unarmed Combat
 + Level 3.2 Spellcasting
 + Level 2.2 Conjurations
 + Level 4.2 Fire Magic


You had 4 spell levels left.
You knew the following spells:

 Your Spells              Type           Power        Failure   Level  Hunger
a - Flame Tongue          Conj/Fire      ###..        3%          1    None
b - Throw Flame           Conj/Fire      ###...       6%          2    ##.....
c - Conjure Flame         Conj/Fire      ###.....     12%         3    ###....


Dungeon Overview and Level Annotations

Branches:
Dungeon (4/15)
 Temple: D:4-7

Altars:
Xom

Annotations:
D:4 gabygaby's ghost, average SpEn


Innate Abilities, Weirdness & Mutations

You cannot wear most types of armour.
You are amphibious.
You can wear up to eight rings at the same time.
You can use your tentacles to constrict many enemies at once.
Your skin changes colour to match your surroundings (Stealth).
Your rubbery body absorbs attacks (AC +1).


Message History

You are more confused.
You closely miss gabygaby's ghost.
Gabygaby's ghost is heavily damaged.
Gabygaby's ghost gestures at you while chanting.
You are more confused.
Gabygaby's ghost stares at you. Gabygaby's ghost hits you.
* * * LOW HITPOINT WARNING * * *
Unknown command.
You miss gabygaby's ghost.
Gabygaby's ghost is heavily damaged.
Gabygaby's ghost hits you.
* * * LOW HITPOINT WARNING * * *
You swing at nothing.
Gabygaby's ghost hits you.
* * * LOW HITPOINT WARNING * * *
You're too confused!
You closely miss gabygaby's ghost. Your squeeze misses gabygaby's ghost.
Gabygaby's ghost is heavily damaged.
Gabygaby's ghost hits you.
You die...

#).#.........###....
#.#####...%.........
#. ###........... ..
#...###...#. #..
##...# .## #...## .
##...# ######...##
###@........#
##...W....(..##
##............!#
#..............#
#...........#...#
#...........##.."#
#..........## #...
...........# .
.........##


You could see gabygaby's ghost.

Vanquished Creatures
  A worker ant (D:4)
  A hound (D:3)
  5 adders
  2 shadow imps (D:3)
  2 worms
  2 giant geckos
  An ooze (D:2)
  8 orcs
  6 bats
  6 giant cockroaches
  13 hobgoblins
  3 jackals (D:3)
  5 kobolds
  4 quokkas
  2 ball pythons
  A giant cockroach zombie (D:3)
  4 giant newts
  12 goblins
  7 rats
85 creatures vanquished.

Notes
Turn   | Place    | Note
--------------------------------------------------------------
     0 | D:1      | ztt, the Octopode Fire Elementalist, began the quest for the Orb.
     0 | D:1      | Reached XP level 1. HP: 11/11 MP: 3/3
   358 | D:1      | Reached XP level 2. HP: 17/17 MP: 2/4
  1000 | D:1      | Learned a level 2 spell: Throw Flame
  1246 | D:1      | Reached XP level 3. HP: 21/21 MP: 4/6
  2090 | D:2      | Found a shimmering altar of Xom.
  2476 | D:3      | Reached XP level 4. HP: 19/27 MP: 4/8
  3195 | D:3      | Reached skill level 4 in Fire Magic
  3195 | D:3      | Reached XP level 5. HP: 32/32 MP: 4/9
  3200 | D:3      | Learned a level 3 spell: Conjure Flame
  3903 | D:4      | Noticed an orc warrior
  3953 | D:4      | Reached skill level 1 in Fighting
  4254 | D:4      | Noticed gabygaby's ghost (average SpEn)
  4409 | D:4      | HP: 1/31 [gabygaby's ghost (3)]
  4410 | D:4      | Slain by gabygaby's ghost

Action                   |  1- 3 |  4- 6 || total
-------------------------+-------+-------++-------
Melee: Unarmed           |    34 |    52 ||    86
 Cast: Flame Tongue      |    64 |    75 ||   139
       Throw Flame       |     3 |     1 ||     4
  Use: Scroll            |     7 |     2 ||     9
       Potion            |       |     7 ||     7
 Stab: Sleeping          |       |     1 ||     1
  Eat: Chunk             |     5 |     5 ||    10
       Fruit             |       |     1 ||     1
